 Dungeon Crawl Stone Soup version 0.30.1-3-gfc49f6343a (webtiles) character file.

Game seed: 14808517996105114201

170 spardeous the Trooper (level 5, 0/47 HPs)
             Began as a Demigod Ice Elementalist on July 27, 2023.
             Slain by an adder (2 damage)
             ... on level 4 of the Dungeon.
             The game lasted 00:03:13 (3059 turns).

spardeous the Trooper (Demigod Ice Elementalist)    Turns: 3059, Time: 00:03:14

Health: 0/47       AC: 10    Str:  9    XL:     5   Next: 5%
Magic:  10/10      EV:  0    Int: 21    God:
Gold:   160        SH:  0    Dex: 14    Spells: 6/7 levels left

rFire   . . .        h - +0 whip (drain)
rCold   . . .        (no shield)
rNeg    . . .        t - +0 plate armour
rPois   .            (no helmet)
rElec   .            (no cloak)
rCorr   .            (no gloves)
SInv    .            (no boots)
Will    .....        (no amulet) Stlth
                     (no ring)
HPRegen 0.27/turn    (no ring)
MPRegen 0.12/turn

%: no passive effects
@: no status effects
A: high MP 1, forlorn, divine attributes
a: no special abilities


You were on level 4 of the Dungeon.
You visited 1 branch of the dungeon, and saw 4 of its levels.

You collected 160 gold pieces.

Inventory:

Hand Weapons
 h - a +0 whip of draining (weapon)
 p - a +0 spear
Armour
 a - a +0 robe
 t - a +0 plate armour (worn)
Magical Staves
 x - a staff of earth
Scrolls
 c - 3 scrolls of vulnerability {unknown}
 d - 2 scrolls of enchant armour {unknown}
 f - 3 scrolls of amnesia {unknown}
 g - a scroll of blinking {unknown}
 i - 3 scrolls of fear {unknown}
 j - a scroll of enchant weapon {unknown}
 k - 3 scrolls of identify {unknown}
 q - a scroll of acquirement {unknown}
 r - 3 scrolls of summoning {unknown}
 v - a scroll of fog {unknown}
 y - a scroll of silence {unknown}
Potions
 b - 2 potions of magic
 e - a potion of resistance {unknown}
 l - a potion of invisibility {unknown}
 m - 2 potions of degeneration {unknown}
 n - a potion of attraction {unknown}
 o - a potion of brilliance {unknown}
 s - a potion of cancellation {unknown}
 u - a potion of flight {unknown}
 w - a potion of ambrosia {unknown}


   Skills:
 + Level 4.6 Fighting
 - Level 1.7 Dodging
 - Level 1.7 Stealth
 - Level 1.7 Spellcasting
 - Level 3.6 Ice Magic


You had 6 spell levels left.
You knew the following spells:

 Your Spells              Type           Power      Damage    Failure   Level
a - Freeze                Ice            64%        1d7       100%        1

Your spell library contained the following spells:

 Spells                   Type           Power      Damage    Failure   Level
 Frozen Ramparts          Ice            32%        1d5       100%        3
 Ozocubu's Armour         Ice            16%        N/A       100%        3
 Summon Ice Beast         Ice/Summ       9%         N/A       100%        4


Dungeon Overview and Level Annotations

Branches:
Dungeon (4/15)
 Temple: D:4-7

Annotations:
D:4 Blork the orc


Innate Abilities, Weirdness & Mutations

You have an increased reservoir of magic. (+10% MP)
You shall have no god before yourself.
Your divine heritage dramatically boosts your attributes as you level up.


Message History

You take 6 damage, and have 28/47 hp.
The adder attacks as you move away! The adder bites you but does no damage.
You feel sick.
You see here a +0 mace.
The adder attacks as you move away! The adder bites you.
You feel sick. The adder bites you but does no damage.
You take 2 damage, and have 26/47 hp.
You feel sick.
You take 1 damage, and have 25/47 hp.
You closely miss the adder.
The adder is almost dead.
You feel sick.
You are no longer poisoned.
The adder bites you.
Blork the orc hits you from afar with a +0 trident.
* * * LOW HITPOINT WARNING * * *
You take 5 damage, and have 20/47 hp.
The adder attacks as you move away! The adder bites you but does no damage.
Blork the orc mumbles some strange words.
Blork the orc seems to speed up.
The adder bites you but does no damage. The adder attacks as you move away!
The adder bites you but does no damage. The adder bites you but does no damage.
Blork the orc hits you from afar with a +0 trident.
* * * LOW HITPOINT WARNING * * *
You take 1 damage, and have 20/47 hp.
The adder attacks as you move away! The adder bites you but does no damage.
The adder attacks as you move away! The adder bites you but does no damage.
The adder attacks as you move away!
The adder bites you but does no damage. x2
Blork the orc hits you from afar with a +0 trident!
* * * LOW HITPOINT WARNING * * *
You take 7 damage, and have 14/47 hp.
The adder attacks as you move away! The adder bites you.
* * * LOW HITPOINT WARNING * * *
Blork the orc screams, "I'll eat your brain!
And then I'll vomit it back up!"
Items here: ( ) [ †.
You take 1 damage, and have 13/47 hp.
Blork the orc hits you from afar with a +0 trident!
* * * LOW HITPOINT WARNING * * *
The adder bites you.
You die...

.......#.## #.#
#....# #.#
###..###.######
#...........#
##.###.####.#
#.##...# #.#
#.###.####.##
#.###o###...######
#.....S@..........
#####.###...####
#.# ##.## #.# #.#
#.# #.# #.# #<#
#.# #.# #.# #.#
#.# #.#


You could see Blork the orc (fast) and an adder (very drained).

Vanquished Creatures
  4 gnolls
  8 adders
  A dart slug (D:2)
  2 orcs (D:4)
  6 ball pythons
  4 bats
  3 endoplasms
  2 giant cockroaches
  3 hobgoblins
  2 jackals (D:1)
  5 kobolds
  2 quokkas
  6 frilled lizards
  7 goblins
  4 rats
59 creatures vanquished.

Notes
Turn   | Place    | Note
-------+----------+-------------------------------------------
     0 | D:1      | spardeous the Demigod Ice Elementalist began the quest for
                  | the Orb.
     0 | D:1      | Reached XP level 1. HP: 14/14 MP: 5/5
   171 | D:1      | Reached skill level 1 in Fighting
   367 | D:1      | Reached XP level 2. HP: 6/23 MP: 0/7
   743 | D:1      | Reached skill level 2 in Fighting
  1159 | D:2      | Reached XP level 3. HP: 21/30 MP: 4/8
  1389 | D:1      | Reached skill level 3 in Fighting
  1685 | D:2      | Reached XP level 4. HP: 38/38 MP: 6/9
  2232 | D:2      | Reached skill level 4 in Fighting
  2716 | D:3      | Reached XP level 5. HP: 45/47 MP: 10/10
  3037 | D:4      | Noticed Blork the orc
  3059 | D:4      | HP: 2/47 [Blork the orc/+0 trident (11)]
  3059 | D:4      | Slain by an adder

Illustrated notes

Levels and vault maps discovered:
D:1:      ebering_trefoil_3fold, layout_basic
D:2:      layout_basic, ebering_ecumenical_altar_rust
D:3:      layout_rooms, xom_redecorated, overflow_temple_1_default,
          feat_on_display
D:4:      layout_loops_ring, serial_shops, shop, uniq_blork_the_orc,
          uniq_duvessa, uniq_eustachio, uniq_natasha, uniq_edmund

Skill      XL: |  1  2  3  4 |
---------------+-------------+-----
Fighting       | 1 2 3 4 |  4.6
Dodging        | |  1.7
Stealth        | |  1.7
Spellcasting   | |  1.7
Ice Magic      | |  3.6

Action                     |  1- 3 |  4- 6 || total
---------------------------+-------+-------++-------
  Melee: Unarmed           |     8 |       ||     8
         Whip              |    15 |   115 ||   130
         Punch             |       |     1 ||     1
   Cast: Freeze            |    46 |     4 ||    50
   Stab: Sleeping          |       |     1 ||     1
 Armour: Robe              |    13 |       ||    13
         Plate armour      |       |   126 ||   126
  Dodge: Dodged            |    41 |     8 ||    49
